Map: Frost LE

Players

Fropez

  • Race: Protoss Protoss
  • League: Gold
  • Spawn Location: 7:00

Panker - Winner!

  • Race: Terran Terran
  • League: Platinum
  • Spawn Location: 11:00

VOD

Have the link to the VOD?

Description

Time

  • Played on: Oct. 4, 2016, 1:29 p.m.
  • Length: 8:14
Show
View Real Time Build Order
Export as new Build Order

Fropez Protoss 

Build Orders: 1 Gate Expand 

Get SALT Encoding   

  12  0:01  Probe (Chrono Boost)  
  13  0:11  Probe (Chrono Boost)  
  14  0:22  Probe (Chrono Boost)  
  14  0:24  Pylon  
  15  0:37  Assimilator  
  16  0:42  Probe (Chrono Boost)  
  16  0:46  Gateway  
  16  1:02  Probe (Chrono Boost)  
  17  1:13  Probe (Chrono Boost)  
  17  1:15  Pylon  
  18  1:24  Probe (Chrono Boost)  
  19  1:34  Probe (Chrono Boost)  
  20  1:40  Nexus  
  20  1:48  Probe (Chrono Boost)  
  21  1:59  Cybernetics Core  
  22  2:05  Probe (Chrono Boost), Assimilator  
  22  2:16  Probe (Chrono Boost)  
  24  2:30  Pylon  
  24  2:35  Stalker (Chrono Boost)  
  26  2:38  Mothership Core  
  26  2:40  Warp Gate (Chrono Boost)  
  23  3:04  Probe  
  23  3:05  Probe  
  25  3:14  Probe  
  26  3:22  Robotics Facility  
  26  3:26  Pylon  
  26  3:27  Probe  
  26  3:33  Pylon, Probe  
  27  3:34  Pylon  
  27  3:39  Probe  
  29  3:44  Probe  
  32  3:48  Adept  
  32  3:52  Probe  
  32  3:54  Probe  
  34  4:04  Probe  
  35  4:12  Gateway  
  35  4:15  Pylon  
  35  4:17  Probe  
  36  4:18  Gateway  
  36  4:22  Observer (Chrono Boost)  
  37  4:29  Probe  
  37  4:30  Assimilator  
  38  4:32  Probe  
  38  4:37  Pylon  
  39  4:38  Pylon  
  39  4:44  Probe  
  40  4:52  Probe  
  40  4:56  Probe  
  40  4:58  Warp Prism (Chrono Boost)  
  44  5:10  Probe x2, Gateway  
  46  5:14  Twilight Council  
  46  5:20  Probe  
  46  5:22  Probe  
  48  5:31  Probe  
  48  5:34  Probe  
  50  5:39  Stargate  
  50  5:41  Probe  
  50  5:44  Stalker x2  
  50  5:46  Probe  
  56  5:52  Probe, Blink (Chrono Boost)  
  56  5:53  Assimilator  
  57  5:58  Probe  
  57  6:02  Probe  
  59  6:10  Probe  
  60  6:13  Probe  
  60  6:14  Adept x4  
  61  6:33  Probe  
  61  6:35  Probe  
  61  6:37  Nexus  
  63  6:41  Pylon  
  63  6:43  Oracle (Chrono Boost)  
  63  6:44  Probe  
  68  6:47  Probe  
  68  6:48  Immortal  
  72  6:54  Probe  
  72  6:55  Stalker x2  
  72  6:58  Stalker  
  72  7:00  Probe  
  78  7:22  Probe  
  78  7:24  Probe  
  80  7:34  Probe  
  80  7:36  Probe  
  78  7:38  Stalker x3  
  78  7:39  Stalker  
  68  8:02  Stalker x4  
Show
View Real Time Build Order
Export as new Build Order

Panker Terran - Winner!

Build Orders: Reaper Expand 

Get SALT Encoding   

  12  0:01  SCV  
  13  0:13  SCV  
  14  0:18  Supply Depot  
  14  0:25  SCV  
  15  0:39  SCV  
  16  0:43  Barracks  
  16  0:49  Refinery  
  16  0:51  SCV  
  17  1:03  SCV  
  18  1:15  SCV  
  19  1:30  Orbital Command  
  19  1:36  Reaper  
  20  1:42  Command Center  
  20  1:58  SCV  
  21  2:08  Barracks Reactor  
  21  2:10  SCV  
  21  2:12  Refinery  
  22  2:16  Barracks  
  22  2:21  Supply Depot  
  22  2:42  SCV  
  23  2:54  SCV  
  24  3:15  Orbital Command  
  24  3:16  Refinery  
  24  3:19  Refinery, Barracks Tech Lab  
  24  3:25  Factory  
  24  3:27  Factory  
  24  3:28  Marine x2  
  24  3:31  Barracks  
  26  3:39  SCV  
  26  3:41  SCV  
  28  3:51  SCV  
  28  3:52  Stimpack, Marine x2  
  28  3:53  Marine, SCV  
  33  4:03  SCV  
  33  4:05  SCV  
  35  4:15  SCV  
  36  4:17  SCV  
  36  4:20  Widow Mine x2  
  41  4:25  Barracks Reactor  
  41  4:35  Starport  
  41  4:42  Barracks  
  41  4:45  Barracks  
  41  4:47  SCV x2  
  43  4:53  Marine  
  43  4:54  Marauder  
  46  5:08  Supply Depot  
  46  5:20  Starport Reactor  
  46  5:29  Marine x3, Widow Mine  
  46  5:30  SCV, Marauder  
  46  5:31  Barracks Tech Lab  
  46  5:33  Supply Depot  
  46  5:35  Supply Depot  
  54  5:44  Barracks Tech Lab  
  54  5:49  SCV x2, Widow Mine  
  58  5:55  Marine x2, Supply Depot, Marauder  
  58  5:56  Marine x2, Supply Depot  
  64  5:59  Marauder  
  64  6:01  SCV x2  
  64  6:04  Medivac x2  
  70  6:08  Widow Mine  
  74  6:13  SCV x2  
  74  6:14  Marine  
  74  6:17  Marauder  
  76  6:25  SCV  
  75  6:34  Medivac x2  
  75  6:39  Marauder  
  81  6:47  Engineering Bay  
  81  6:52  Marine, Engineering Bay  
  81  6:53  Marine x2, Marauder x2  
  81  6:54  Marine  
  89  6:55  Widow Mine x2  
  93  7:10  Marine  
  94  7:47  Marine x2  
  94  7:50  Marine  
Tags
 
Add a new tag
Caveats
  • Supply blocks, unpowered buildings, or Contaminate may cause inaccurate times.
  • Supply counts are checked every 10 seconds.